[ AOE2 MATCH · #505287704 ]
UnrankedPoles vs Mongols
Player's team · WIN
Rival team · LOSS
[ REPLAY ANALYSIS · EXTRACTED FROM THE RECORDED GAME ]
Feudal
19:11
Castle
—
Imperial
—
| APM avg | 60.9 |
| APM peak | 151 |
| eAPM avg | 28.1 |
| Villagers / military | 50 / 13 |
Focus
⚔️ 33.7% · 🌾 66.3%
Archer ×9 · Skirmisher ×4
Feudal
10:32
Castle
—
Imperial
—
| APM avg | 62.6 |
| APM peak | 112 |
| eAPM avg | 27.3 |
| Villagers / military | 44 / 10 |
Focus
⚔️ 11.0% · 🌾 89.0%
Archer ×9 · Scout Cavalry ×1
Match map
Initial resources + every placement click. Lines = walls · curves = elevation contours. ◆ gold · ⬟ stone · ● berries · ✦ relic · ◌ wall gap
Your base· Open — unwalled flank
xcmpierrexcm's base· Open — unwalled flank
Smoothed initial terrain · ◌ = detected wall gap · hover for details
Inputs per minute
— twitch: aoe2_billybadbeat - - xcmpierrexcm
Build order — twitch: aoe2_billybadbeat
First 150 of 168 actions detected
| 0:00 | Queue | Villager (Male) |
| 0:01 | Queue | Villager (Male) |
| 0:02 | Build | House |
| 0:03 | Build | House |
| 0:12 | Queue | Villager (Male) |
| 0:12 | Queue | Villager (Male) |
| 0:57 | Research | Loom |
| 1:24 | Build | House |
| 1:28 | Queue | Villager (Male) |
| 2:12 | Queue | Villager (Male) |
| 2:40 | Queue | Villager (Male) |
| 2:49 | Build | Lumber Camp |
| 3:27 | Queue | Villager (Male) |
| 3:32 | Build | House |
| 3:56 | Queue | Villager (Male) |
| 5:03 | Queue | Villager (Male) |
| 5:04 | Queue | Villager (Male) |
| 5:05 | Queue | Villager (Male) |
| 5:30 | Queue | Villager (Male) |
| 5:42 | Queue | Villager (Male) |
| 6:04 | Queue | Villager (Male) |
| 6:08 | Build | House |
| 6:17 | Build | Palisade Wall |
| 6:19 | Build | Palisade Wall |
| 6:21 | Build | Palisade Wall |
| 6:23 | Build | Palisade Wall |
| 6:29 | Build | Palisade Wall |
| 7:15 | Queue | Villager (Male) |
| 7:26 | Build | Palisade Wall |
| 7:26 | Build | Palisade Wall |
| 7:27 | Build | Palisade Wall |
| 7:27 | Build | Palisade Wall |
| 7:27 | Build | Palisade Wall |
| 7:28 | Build | Palisade Wall |
| 7:28 | Build | Palisade Wall |
| 7:28 | Build | Palisade Wall |
| 7:48 | Queue | Villager (Male) |
| 7:52 | Queue | Villager (Male) |
| 7:53 | Queue | Villager (Male) |
| 7:53 | Queue | Villager (Male) |
| 8:13 | Build | Mill |
| 8:18 | Build | Palisade Wall |
| 8:20 | Build | Palisade Wall |
| 8:21 | Build | Palisade Wall |
| 8:23 | Build | Palisade Wall |
| 8:26 | Build | Palisade Wall |
| 8:35 | Build | Palisade Wall |
| 8:36 | Build | Palisade Wall |
| 8:36 | Build | Palisade Wall |
| 8:37 | Queue | Villager (Male) |
| 8:40 | Build | Mill |
| 9:04 | Build | Palisade Wall |
| 9:19 | Build | Palisade Wall |
| 9:20 | Build | Palisade Wall |
| 9:20 | Build | Palisade Wall |
| 9:21 | Build | House |
| 9:24 | Queue | Villager (Male) |
| 9:25 | Queue | Villager (Male) |
| 9:55 | Build | Palisade Wall |
| 9:59 | Queue | Villager (Male) |
| 10:24 | Queue | Villager (Male) |
| 10:46 | Queue | Villager (Male) |
| 11:07 | Build | Palisade Wall |
| 11:30 | Queue | Villager (Male) |
| 12:32 | Build | Town Center |
| 12:36 | Build | Palisade Wall |
| 12:52 | Build | House |
| 12:53 | Build | House |
| 12:58 | Build | Palisade Wall |
| 13:06 | Build | Palisade Wall |
| 13:25 | Build | Palisade Wall |
| 13:27 | Build | Palisade Wall |
| 13:29 | Build | Palisade Wall |
| 13:34 | Build | Palisade Wall |
| 13:36 | Build | Palisade Wall |
| 14:50 | Build | Palisade Wall |
| 15:05 | Queue | Villager (Male) |
| 15:06 | Queue | Villager (Male) |
| 15:31 | Queue | Villager (Male) |
| 15:33 | Queue | Villager (Male) |
| 15:33 | Queue | Villager (Male) |
| 16:16 | Queue | Villager (Male) |
| 16:31 | Build | House |
| 17:01 | Research | Feudal Age |
| 17:08 | Build | Mining Camp |
| 17:57 | Build | House |
| 18:03 | Build | Palisade Wall |
| 18:04 | Build | House |
| 18:05 | Build | Palisade Wall |
| 18:06 | Build | Palisade Wall |
| 18:29 | Queue | Villager (Male) |
| 18:34 | Queue | Villager (Male) |
| 18:58 | Build | Palisade Wall |
| 19:11 | Age | Feudal Age |
| 19:17 | Build | Lumber Camp |
| 19:21 | Research | Double-Bit Axe |
| 19:25 | Build | Farm |
| 19:28 | Build | Watch Tower |
| 19:30 | Build | Stone Wall |
| 19:31 | Build | Stone Wall |
| 19:34 | Build | Stone Wall |
| 19:37 | Build | Stone Wall |
| 19:40 | Build | Palisade Wall |
| 19:43 | Build | Palisade Wall |
| 19:45 | Build | Palisade Wall |
| 19:52 | Build | Palisade Wall |
| 20:02 | Build | Farm |
| 20:08 | Build | Farm |
| 20:20 | Build | Mill |
| 20:22 | Build | Farm |
| 20:23 | Build | Farm |
| 20:57 | Queue | Villager (Male) |
| 21:01 | Build | Stone Wall |
| 21:06 | Queue | Villager (Male) |
| 21:22 | Build | Palisade Wall |
| 21:31 | Build | Outpost |
| 21:34 | Queue | Villager (Male) |
| 21:37 | Build | Barracks |
| 21:54 | Build | Watch Tower |
| 21:59 | Queue | Villager (Male) |
| 22:22 | Build | Archery Range |
| 22:27 | Build | Farm |
| 22:41 | Queue | Villager (Male) |
| 22:50 | Build | Farm |
| 22:52 | Build | Farm |
| 22:54 | Build | Mill |
| 22:55 | Build | Farm |
| 22:55 | Build | Farm |
| 22:55 | Build | Farm |
| 22:55 | Build | Farm |
| 23:06 | Queue | Archer |
| 23:11 | Research | Town Watch |
| 23:11 | Queue | Villager (Male) |
| 23:21 | Queue | Archer |
| 23:28 | Queue | Archer |
| 23:48 | Build | Watch Tower |
| 23:54 | Queue | Archer |
| 23:59 | Build | Stone Wall |
| 24:01 | Build | Stone Wall |
| 24:02 | Build | Stone Wall |
| 24:03 | Build | Stone Wall |
| 24:05 | Build | Stone Wall |
| 24:07 | Build | Stone Wall |
| 24:12 | Build | Stone Wall |
| 24:15 | Build | Stone Wall |
| 24:22 | Queue | Skirmisher |
| 24:23 | Queue | Villager (Male) |
| 24:42 | Queue | Archer |
| 24:52 | Queue | Villager (Male) |
| 25:02 | Queue | Villager (Male) |
Build order — xcmpierrexcm
87 actions detected in the replay
| 0:00 | Queue | Villager (Male) |
| 0:01 | Queue | Villager (Male) |
| 0:01 | Queue | Villager (Male) |
| 0:01 | Queue | Villager (Male) |
| 0:02 | Build | House |
| 0:04 | Build | House |
| 1:26 | Queue | Villager (Male) |
| 2:00 | Build | Lumber Camp |
| 2:00 | Queue | Villager (Male) |
| 2:25 | Queue | Villager (Male) |
| 2:49 | Queue | Villager (Male) |
| 2:49 | Queue | Villager (Male) |
| 3:25 | Queue | Villager (Male) |
| 3:30 | Queue | Villager (Male) |
| 3:31 | Queue | Villager (Male) |
| 4:05 | Build | Mill |
| 4:43 | Research | Loom |
| 4:43 | Queue | Villager (Male) |
| 5:08 | Queue | Villager (Male) |
| 5:21 | Queue | Villager (Male) |
| 5:37 | Queue | Villager (Male) |
| 5:46 | Queue | Villager (Male) |
| 5:54 | Queue | Villager (Male) |
| 6:06 | Queue | Villager (Male) |
| 6:46 | Build | Palisade Wall |
| 7:10 | Queue | Villager (Male) |
| 7:49 | Build | House |
| 8:22 | Research | Feudal Age |
| 8:45 | Build | Mill |
| 9:33 | Queue | Villager (Male) |
| 10:17 | Queue | Villager (Male) |
| 10:18 | Build | Barracks |
| 10:32 | Age | Feudal Age |
| 10:35 | Build | Palisade Wall |
| 10:45 | Queue | Villager (Male) |
| 11:54 | Queue | Villager (Male) |
| 12:00 | Build | Stable |
| 12:01 | Queue | Villager (Male) |
| 12:10 | Build | Farm |
| 12:25 | Queue | Villager (Male) |
| 13:13 | Queue | Villager (Male) |
| 13:16 | Queue | Scout Cavalry |
| 13:18 | Build | House |
| 14:19 | Queue | Villager (Male) |
| 15:28 | Queue | Villager (Male) |
| 15:38 | Queue | Villager (Male) |
| 16:01 | Queue | Villager (Male) |
| 16:48 | Build | Lumber Camp |
| 17:17 | Build | House |
| 17:27 | Build | House |
| 18:10 | Queue | Villager (Male) |
| 19:05 | Queue | Villager (Male) |
| 20:09 | Build | Town Center |
| 21:09 | Build | Farm |
| 21:25 | Build | Farm |
| 21:52 | Build | Farm |
| 22:04 | Build | Mining Camp |
| 22:10 | Build | Farm |
| 22:21 | Build | Outpost |
| 22:25 | Queue | Villager (Male) |
| 22:47 | Build | Archery Range |
| 23:14 | Build | Farm |
| 23:16 | Queue | Villager (Male) |
| 23:17 | Queue | Villager (Male) |
| 23:22 | Queue | Archer |
| 23:48 | Queue | Archer |
| 23:52 | Queue | Villager (Male) |
| 24:07 | Queue | Archer |
| 24:26 | Queue | Archer |
| 24:33 | Build | Mining Camp |
| 24:52 | Queue | Villager (Male) |
| 25:07 | Queue | Archer |
| 25:27 | Queue | Archer |
| 25:38 | Queue | Villager (Male) |
| 26:09 | Build | Farm |
| 26:22 | Queue | Villager (Male) |
| 26:39 | Build | House |
| 26:51 | Build | House |
| 27:10 | Build | Watch Tower |
| 27:19 | Queue | Villager (Male) |
| 27:22 | Queue | Archer |
| 27:26 | Queue | Archer |
| 27:35 | Queue | Villager (Male) |
| 27:50 | Queue | Villager (Male) |
| 28:04 | Build | Lumber Camp |
| 28:07 | Queue | Archer |
| 28:28 | Queue | Villager (Male) |
Match timeline
| 6:17 | twitch: aoe2_billybadbeat · wall_segment Palisade Wall x3 |
| 6:19 | twitch: aoe2_billybadbeat · wall_segment Palisade Wall x3 |
| 6:21 | twitch: aoe2_billybadbeat · wall_segment Palisade Wall x2 |
| 6:23 | twitch: aoe2_billybadbeat · wall_segment Palisade Wall x4 |
| 6:29 | twitch: aoe2_billybadbeat · wall_segment Palisade Wall x1 |
| 6:46 | xcmpierrexcm · wall_segment Palisade Wall x1 |
| 7:26 | twitch: aoe2_billybadbeat · wall_segment Palisade Wall x1 |
| 7:26 | twitch: aoe2_billybadbeat · wall_segment Palisade Wall x1 |
| 7:27 | twitch: aoe2_billybadbeat · wall_segment Palisade Wall x2 |
| 7:27 | twitch: aoe2_billybadbeat · wall_segment Palisade Wall x1 |
| 7:27 | twitch: aoe2_billybadbeat · wall_segment Palisade Wall x1 |
| 7:28 | twitch: aoe2_billybadbeat · wall_segment Palisade Wall x2 |
| 7:28 | twitch: aoe2_billybadbeat · wall_segment Palisade Wall x1 |
| 7:28 | twitch: aoe2_billybadbeat · wall_segment Palisade Wall x1 |
| 8:18 | twitch: aoe2_billybadbeat · wall_segment Palisade Wall x1 |
| 8:20 | twitch: aoe2_billybadbeat · wall_segment Palisade Wall x1 |
| 8:21 | twitch: aoe2_billybadbeat · wall_segment Palisade Wall x1 |
| 8:23 | twitch: aoe2_billybadbeat · wall_segment Palisade Wall x1 |
| 8:26 | twitch: aoe2_billybadbeat · wall_segment Palisade Wall x1 |
| 8:35 | twitch: aoe2_billybadbeat · wall_segment Palisade Wall x1 |
| 8:36 | twitch: aoe2_billybadbeat · wall_segment Palisade Wall x1 |
| 8:36 | twitch: aoe2_billybadbeat · wall_segment Palisade Wall x1 |
| 9:04 | twitch: aoe2_billybadbeat · wall_segment Palisade Wall x1 |
| 9:19 | twitch: aoe2_billybadbeat · wall_segment Palisade Wall x1 |
| 9:20 | twitch: aoe2_billybadbeat · wall_segment Palisade Wall x1 |
| 9:20 | twitch: aoe2_billybadbeat · wall_segment Palisade Wall x1 |
| 9:55 | twitch: aoe2_billybadbeat · wall_segment Palisade Wall x1 |
| 10:18 | xcmpierrexcm · first_building Barracks |
| 10:32 | xcmpierrexcm · age_up feudal |
| 10:35 | xcmpierrexcm · wall_segment Palisade Wall x2 |
| 11:07 | twitch: aoe2_billybadbeat · wall_segment Palisade Wall x1 |
| 12:00 | xcmpierrexcm · first_building Stable |
| 12:36 | twitch: aoe2_billybadbeat · wall_segment Palisade Wall x1 |
| 12:58 | twitch: aoe2_billybadbeat · wall_segment Palisade Wall x1 |
| 13:06 | twitch: aoe2_billybadbeat · wall_segment Palisade Wall x1 |
| 13:25 | twitch: aoe2_billybadbeat · wall_segment Palisade Wall x1 |
| 13:27 | twitch: aoe2_billybadbeat · wall_segment Palisade Wall x1 |
| 13:29 | twitch: aoe2_billybadbeat · wall_segment Palisade Wall x1 |
| 13:34 | twitch: aoe2_billybadbeat · wall_segment Palisade Wall x1 |
| 13:36 | twitch: aoe2_billybadbeat · wall_segment Palisade Wall x1 |
| 14:50 | twitch: aoe2_billybadbeat · wall_segment Palisade Wall x1 |
| 18:03 | twitch: aoe2_billybadbeat · wall_segment Palisade Wall x1 |
| 18:05 | twitch: aoe2_billybadbeat · wall_segment Palisade Wall x1 |
| 18:06 | twitch: aoe2_billybadbeat · wall_segment Palisade Wall x1 |
| 18:58 | twitch: aoe2_billybadbeat · wall_segment Palisade Wall x1 |
| 19:11 | twitch: aoe2_billybadbeat · age_up feudal |
| 19:30 | twitch: aoe2_billybadbeat · wall_segment Stone Wall x1 |
| 19:31 | twitch: aoe2_billybadbeat · wall_segment Stone Wall x1 |
| 19:34 | twitch: aoe2_billybadbeat · wall_segment Stone Wall x2 |
| 19:37 | twitch: aoe2_billybadbeat · wall_segment Stone Wall x1 |
| 19:40 | twitch: aoe2_billybadbeat · wall_segment Palisade Wall x1 |
| 19:43 | twitch: aoe2_billybadbeat · wall_segment Palisade Wall x1 |
| 19:45 | twitch: aoe2_billybadbeat · wall_segment Palisade Wall x1 |
| 19:52 | twitch: aoe2_billybadbeat · wall_segment Palisade Wall x1 |
| 21:01 | twitch: aoe2_billybadbeat · wall_segment Stone Wall x1 |
| 21:22 | twitch: aoe2_billybadbeat · wall_segment Palisade Wall x3 |
| 21:37 | twitch: aoe2_billybadbeat · first_building Barracks |
| 22:22 | twitch: aoe2_billybadbeat · first_building Archery Range |
| 22:47 | xcmpierrexcm · first_building Archery Range |
| 23:59 | twitch: aoe2_billybadbeat · wall_segment Stone Wall x1 |
| 24:01 | twitch: aoe2_billybadbeat · wall_segment Stone Wall x1 |
| 24:02 | twitch: aoe2_billybadbeat · wall_segment Stone Wall x1 |
| 24:03 | twitch: aoe2_billybadbeat · wall_segment Stone Wall x1 |
| 24:05 | twitch: aoe2_billybadbeat · wall_segment Stone Wall x1 |
| 24:07 | twitch: aoe2_billybadbeat · wall_segment Stone Wall x1 |
| 24:12 | twitch: aoe2_billybadbeat · wall_segment Stone Wall x1 |
| 24:15 | twitch: aoe2_billybadbeat · wall_segment Stone Wall x1 |
| 28:35 | xcmpierrexcm · resign |
[ AI ANALYSIS · 1 CREDIT ]
What really happened in this match?
Wolo.gg analyzes every decision: build order, eco, micro, common mistakes by bracket. Personalized analysis on WhatsApp or Discord in 30 seconds.
Civ guide
Poles
Perfil
Jugador #15677316